 Dungeon Crawl Stone Soup version 0.30.1-11-g7821555f0a (webtiles) character file.

Game seed: 16919169636758714235

361 hawla the Cutter (level 7, -11/48 (50) HPs)
             Began as a Meteoran Fire Elementalist on Dec 5, 2023.
             Mangled by a wight
             ... wielding a +5 great sword
              (18 damage)
             ... on level 5 of the Dungeon.
             The game lasted 00:14:35 (1600 turns).

hawla the Cutter (Meteoran Fire Elementalist)       Turns: 1600, Time: 00:14:36

HP:   -11/48 (50)   AC:  3    Str:  9    XL:     7   Next: 19%
MP:   4/14          EV: 13    Int: 19    God:
Gold: 128           SH:  0    Dex: 21    Spells: 7/14 levels left

rFire   . . .        i - +1 short sword (venom)
rCold   . . .        (no shield)
rNeg    . . .        a - +0 robe
rPois   .            (no helmet)
rElec   .            (no cloak)
rCorr   .            (no gloves)
SInv    .            c - +0 pair of boots
Will    .....        (no amulet)
Stlth   +            g - +6 ring of dexterity
HPRegen 0.28/turn    (no ring)
MPRegen 0.14/turn

%: no passive effects
@: glowing, lightly drained
A: sense surroundings 1, otherworldly, glowing, explore regen
a: no special abilities


You were on level 5 of the Dungeon.
You visited 1 branch of the dungeon, and saw 5 of its levels.

You collected 128 gold pieces.

Inventory:

Hand Weapons
 h - a +0 falchion
 i - a +1 short sword of venom (weapon)
Armour
 a - a +0 robe (worn)
 c - a +0 pair of boots (worn)
Jewellery
 g - a +6 ring of dexterity (left hand)
 v - a ring of flight
Scrolls
 f - a scroll of identify
 o - a scroll of immolation {unknown}
 q - a scroll of vulnerability {unknown}
 u - a scroll of fear {unknown}
 w - a scroll of silence {unknown}
Potions
 b - a potion of magic
 d - 2 potions of brilliance {unknown}
 e - 4 potions of curing {unknown}
 j - 2 potions of resistance
 l - a potion of flight
 p - a potion of attraction {unknown}
 r - a potion of heal wounds {unknown}
 s - a potion of lignification {unknown}
 t - a potion of invisibility {unknown}


   Skills:
 + Level 4.4 Short Blades
 - Level 0.2(2.9) Long Blades
 - Level 3.0 Dodging
 - Level 1.5 Stealth
 - Level 0.2 Unarmed Combat
 - Level 4.0 Spellcasting
 + Level 4.0 Conjurations
 - Level 4.3 Fire Magic


You had 7 spell levels left.
You knew the following spells:

 Your Spells              Type           Power      Damage    Failure   Level
a - Foxfire               Conj/Fire      76%        2x1d7     2%          1
b - Scorch                Fire           40%        2d7       3%          2
c - Flame Wave            Conj/Fire      19%        2d7       24%         4

Your spell library contained the following spells:

 Spells                   Type           Power      Damage    Failure   Level
 Summon Small Mammal      Summ           12%        N/A       14%         1
 Inner Flame              Hex/Fire       12%        N/A       17%         3
 Volatile Blastmotes      Fire/Tloc      24%        2d12      17%         3
 Call Canine Familiar     Summ           3%         N/A       38%         3
 Summon Guardian Golem    Hex/Summ       3%         N/A       38%         3


Dungeon Overview and Level Annotations

Branches:
Dungeon (5/15) Zot: 1397
 Temple: D:4-7

Altars:
Zin


Innate Abilities, Weirdness & Mutations

You passively map a small area around you.
You are easily found by Zot.
You glow in the dark.
You regain HP and MP as you explore.


Message History

The wight is moderately damaged.
The flame wave engulfs the wight.
The wight is moderately damaged.
The scorpion completely misses you. The wight barely misses you.
A wave of flame ripples out!
The flame wave engulfs the scorpion.
The scorpion is almost dead.
The flame wave engulfs the wight.
The wight is moderately damaged.
The flame wave engulfs the wight!
You destroy the wight!
The flame wave engulfs the wight.
The wight is moderately damaged.
The flame wave engulfs the wight.
The wight is moderately damaged.
The flame wave engulfs the wight!
The wight is heavily damaged.
You finish channelling waves of flame.
The scorpion stings you.
The wight hits you with a +3 short sword!
The wight hits you with a +1 long sword.
Your Conjurations skill increases to level 4!
Casting: Flame Wave (quite dangerous; 24% risk of failure)
Confirm with . or Enter, or press ? or * to list all spells.
The spell is quite dangerous to miscast (24% risk of failure)!
Continue anyway?
Casting: Flame Wave (quite dangerous; 24% risk of failure)
Press: ? - help, Dir - look around, f - activate A wave of flame ripples out!
The flame wave engulfs the scorpion.
You kill the scorpion!
The flame wave engulfs the wight.
The wight is heavily damaged.
The flame wave engulfs the wight.
The wight is severely damaged.
The flame wave engulfs the wight!
The wight is severely damaged. (Press . to intensify the flame waves.)
The wight hits you with a +3 short sword!
You feel drained.
The wight hits you with a +1 long sword!
* * * LOW HITPOINT WARNING * * *
The wight hits you with a +5 great sword!!
You die...

* * * , * , , ,
* * * #+####+ *
* * ###.......
, , ......... *
..#####)z......
, ,
#.....†@z.h....
,
##.####.zz.....
, #........ *
#........ , *
#........
#........ , *
,* #.#.##+#. ,
, , #.... , ,
*** ,


You could see a hound and 4 wights.

Vanquished Creatures
  An ice beast (D:4)
  2 scorpions
  A wight (D:5)
  A hound (D:4)
  An iguana (D:4)
  5 adders
  A worm (D:2)
  A dart slug (D:4)
  5 orcs
  2 endoplasms (D:3)
  10 goblins
  7 hobgoblins
  2 jackals (D:3)
  A quokka (D:3)
  6 ball pythons
  A bat (D:3)
  A frilled lizard (D:3)
  4 kobolds
  4 rats
56 creatures vanquished.

Vanquished Creatures (others)
  47 foxfires
47 creatures vanquished.

Grand Total: 103 creatures vanquished

Notes
Turn   | Place    | Note
-------+----------+-------------------------------------------
     0 | D:1      | hawla the Meteoran Fire Elementalist began the quest for
                  | the Orb.
     0 | D:1      | Reached XP level 1. HP: 14/14 MP: 5/5
    71 | D:2      | Reached XP level 2. HP: 9/20 MP: 2/7
   141 | D:2      | Found a faded altar of an unknown god.
   206 | D:2      | Reached XP level 3. HP: 26/26 MP: 5/8
   209 | D:2      | Learned a level 2 spell: Scorch
   301 | D:4      | Noticed a scorpion
   303 | D:4      | Reached XP level 4. HP: 31/33 MP: 3/10
   310 | D:3      | Learned a level 4 spell: Flame Wave
   644 | D:3      | Reached XP level 5. HP: 38/38 MP: 7/12
   744 | D:3      | Reached skill level 1 in Short Blades
  1171 | D:4      | Reached XP level 6. HP: 42/45 MP: 13/13
  1181 | D:4      | Found a glowing silver altar of Zin.
  1354 | D:4      | Noticed an ice beast
  1365 | D:4      | Killed an ice beast
  1366 | D:4      | Reached XP level 7. HP: 34/50 MP: 8/14
  1596 | D:5      | Entered Level 5 of the Dungeon
  1600 | D:5      | Mangled by a wight

Illustrated notes

Levels and vault maps discovered:
D:1:      saegor_arrival_simple_e, layout_basic
D:2:      cheibrodos_greedy_goblins, layout_rooms,
          nicolae_ecumenical_snake_handling
D:3:      layout_basic, minmay_pentomino_pile
D:4:      layout_cave_pods, zin_statuary
D:5:      layout_basic, portal_sewer_entry_b, bh_walls_and_bars, uniq_edmund,
          uniq_duvessa

Skill      XL: |  1  2  3  4  5  6  7 |
---------------+----------------------+-----
Spellcasting   | 3 4 |  4.0
Fire Magic     | 4 |  4.3
Dodging        | 3 |  3.0
Conjurations   | 2 3 4 |  4.0
Short Blades   | 2 4 |  4.4
Long Blades    | |  0.2
Stealth        | |  1.5
Unarmed Combat | |  0.2

Action                     |  1- 3 |  4- 6 |  7- 9 || total
---------------------------+-------+-------+-------++-------
  Melee: Unarmed           |     3 |       |       ||     3
         Falchion          |    23 |     7 |       ||    30
         Dagger            |       |    38 |       ||    38
         Short sword       |       |    29 |     2 ||    31
   Cast: Foxfire           |    19 |     7 |       ||    26
         Scorch            |     4 |    10 |       ||    14
         Flame Wave        |       |     1 |     2 ||     3
    Use: Scroll            |       |     5 |       ||     5
   Stab: Sleeping          |     1 |       |       ||     1
 Armour: Robe              |     7 |    27 |     1 ||    35
  Dodge: Dodged            |    20 |    45 |     3 ||    68
